 Dungeon Crawl Stone Soup version 0.28-a0-1624-g820543e53a (webtiles) character file.

Game seed: 585752771462769520

401 timneilson the Shield-Bearer (level 6, -2/38 HPs)
             Began as a Gargoyle Fighter on Jan 23, 2022.
             Slain by a gnoll (5 damage)
             ... on level 4 of the Dungeon.
             The game lasted 00:06:24 (3493 turns).

timneilson the Shield-Bearer (Gargoyle Fighter)     Turns: 3493, Time: 00:06:25

Health: -2/38      AC: 15    Str: 22    XL:     6   Next: 85%
Magic:  6/6        EV:  4    Int:  8    God:
Gold:   123        SH:  0    Dex:  9    Spells: 5/5 levels left

rFire   + . .      SeeInvis .   a - +0 long sword
rCold   . . .      Faith    .   c - +1 buckler
rNeg    + . .      Spirit   .   e - +0 chain mail
rPois   ∞          Reflect  .   d - +0 helmet
rElec   +          Harm     .   (no cloak)
rCorr   .          Rampage  .   (no gloves)
Will    .....                   (no boots)
Stlth   ..........              (no amulet)
HPRegen 0.12/turn               l - ring of protection from fire
MPRegen 0.10/turn               (no ring)

@: held
A: sickness immunity, AC +4, negative energy resistance 1, electricity
resistance, torment resistance 1, petrification resistance
a: no special abilities


You were on level 4 of the Dungeon.
You visited 1 branch of the dungeon, and saw 4 of its levels.

You collected 123 gold pieces.

Inventory:

Hand Weapons
 a - a +0 long sword (weapon)
 b - a +2 hand axe of flaming
Armour
 c - a +1 buckler (worn)
 d - a +0 helmet (worn)
 e - a +0 chain mail (worn)
Jewellery
 l - a ring of protection from fire (left hand)
Scrolls
 h - a scroll of identify
 i - a scroll of amnesia {unknown}
 o - a scroll of teleportation
Potions
 f - a potion of mutation
 g - a potion of ambrosia
 j - 2 potions of flight
 n - a potion of brilliance {unknown}


   Skills:
 + Level 4.1 Fighting
 * Level 3.5 Long Blades
 * Level 4.9 Armour
 + Level 1.6 Dodging
 * Level 5.0 Shields


You had 5 spell levels left.
You didn't know any spells.
Your spell library contained the following spells:

 Spells                   Type           Power      Damage    Failure   Level
 Summon Small Mammal      Summ           0%         N/A       99%         1
 Call Canine Familiar     Summ           0%         N/A       100%        3
 Summon Guardian Golem    Hex/Summ       0%         N/A       100%        3


Dungeon Overview and Level Annotations

Branches:
Dungeon (4/15)
 Temple: D:4-7

Altars:
Elyvilon
Sif Muna

Shops:
D:2 [


Innate Abilities, Weirdness & Mutations

You are immune to sickness and miasma.
Your stone body is resilient. (AC +4)
You are immune to poison.
You resist negative energy. (rN+)
You are resistant to electric shocks. (rElec)
You are resistant to unholy torment.
You are immune to petrification.


Message History

The gnoll shaman hits you but does no damage. x2
You closely miss the gnoll shaman.
The gnoll shaman is heavily wounded.
The gnoll shaman hits you but does no damage.
You hit the gnoll shaman.
The gnoll shaman is heavily wounded.
The gnoll shaman hits you but does no damage.
You closely miss the gnoll shaman.
The gnoll shaman is heavily wounded.
The gnoll shaman hits you but does no damage.
You slash the gnoll shaman!
You kill the gnoll shaman!
Your Shields skill increases to level 5!
Things that are here:
a +0 club; a +2 robe of the Archmagi A gnoll comes into view.
It is wielding a +0 whip.
The gnoll shouts!
You hear a shout!
Things that are here:
a +0 giant club; an ogre corpse; a scorpion corpse You are no longer glowing.
You block the gnoll's attack.
You closely miss the gnoll. The gnoll barely misses you.
You hit the gnoll.
The gnoll is lightly wounded.
The gnoll hits you with a +0 whip.
You hit the gnoll.
The gnoll is heavily wounded.
The gnoll hits you but does no damage.
You barely miss the gnoll.
The gnoll is heavily wounded.
The gnoll hits you with a +0 whip.
* * * LOW HITPOINT WARNING * * *
The gnoll throws a throwing net.
The throwing net hits you.
You become entangled in the net!
The gnoll hits you with a +0 whip.
* * * LOW HITPOINT WARNING * * *
You tear a large gash into the net.
The gnoll hits you with a +0 whip.
* * * LOW HITPOINT WARNING * * *
You struggle against the net.
The gnoll zaps a wand.
You barely resist. The gnoll hits you with a +0 whip.
You die...

.........##
#.####
#..####..#
..####..#
........#
..####..# .
#...# ......#.#
#
..<...#.######.#
?.......g@).g..#
..#.#.#######..#
###.#. ..# . .
..# .# ..# ..
..# #. ..# .##


You could see 2 gnolls.

Vanquished Creatures
  An ogre (D:4)
  A scorpion (D:4)
  A gnoll shaman (D:4)
  2 orc priests (D:3)
  Robin (D:2)
  A gnoll (D:4)
  6 adders
  2 worms
  A dart slug (D:2)
  6 orcs (D:3)
  7 ball pythons
  7 bats
  4 endoplasms
  A giant cockroach (D:2)
  13 hobgoblins
  3 jackals (D:3)
  4 quokkas
  A frilled lizard (D:3)
  12 goblins
  6 kobolds
  4 rats
84 creatures vanquished.

Notes
Turn   | Place    | Note
-------+----------+-------------------------------------------
     0 | D:1      | timneilson the Gargoyle Fighter began the quest for the
                  | Orb.
     0 | D:1      | Reached XP level 1. HP: 14/14 MP: 1/1
    49 | D:1      | You fall into a shaft and drop 1 floor!
   121 | D:2      | Reached XP level 2. HP: 13/19 MP: 2/2
   553 | D:2      | Reached XP level 3. HP: 23/23 MP: 3/3
   554 | D:2      | Noticed Robin
  1136 | D:1      | Found a faded altar of an unknown god.
  1605 | D:2      | Reached XP level 4. HP: 27/28 MP: 4/4
  1645 | D:2      | Killed Robin
  1646 | D:2      | Reached skill level 4 in Shields
  1926 | D:2      | Found Baklyij's Armour Emporium.
  2148 | D:3      | Reached XP level 5. HP: 4/33 MP: 5/5
  2154 | D:3      | Reached skill level 1 in Dodging
  2183 | D:3      | HP: 1/33 [adder (3)]
  2200 | D:3      | HP: 1/33 [adder (2)]
  2529 | D:3      | Found a white marble altar of Elyvilon.
  2536 | D:3      | Found a shimmering blue altar of Sif Muna.
  3363 | D:4      | Reached XP level 6. HP: 31/38 MP: 6/6
  3481 | D:4      | Reached skill level 5 in Shields
  3493 | D:4      | Slain by a gnoll

Illustrated notes

Levels and vault maps discovered:
D:1:      dpeg_arrival_simpleton_b, layout_loops_corners,
          dilly_ecumenical_altar_fadedgnrine
D:2:      layout_loops_ring, serial_shops, shop, minmay_misc_feat_room,
          uniq_robin
D:3:      layout_loops_ring, mainiacjoe_overflow_catwalk_spiral
D:4:      layout_loops_ring, nicolae_elevator_lobby_asterisk

Skill      XL: |  1  2  3  4  5  6 |
---------------+-------------------+-----
Long Blades    | 2 3 |  3.5
Armour         | 4 |  4.9
Shields        | 4 5 |  5.0
Dodging        | 1 |  1.6
Fighting       | 4 |  4.1

Action                   |  1- 3 |  4- 6 || total
-------------------------+-------+-------++-------
Melee: Long sword        |   103 |   202 ||   305
  Use: Scroll            |     4 |     5 ||     9
       Potion            |       |     3 ||     3
Armor: Chain mail        |    73 |   136 ||   209
       Scale mail        |     1 |       ||     1
Dodge: Dodged            |    29 |    90 ||   119
Block: Buckler           |    33 |    50 ||    83

Table legend: (Time is in decaauts)
 A = Elapsed time spent in this place.
 B = Non-inter-level travel time spent in this place.
 C = Inter-level travel time spent in this place.
 D = Time resting spent in this place.
 E = Time spent auto-exploring this place.
 F = Levels seen in this place.
 G = Mean time per level.
                   A        B        C        D        E       F      G
               +--------+--------+--------+--------+--------+-----+--------+
         Total |   3587 |   3546 |     41 |    632 |   2037 |   4 |  896.8 |
       Dungeon |   3587 |   3546 |     41 |    632 |   2037 |   4 |  896.8 |
               +--------+--------+--------+--------+--------+-----+--------+

Top non-repeatable levels by time:
     D:2: 1434 daAuts
     D:1: 1021 daAuts
     D:3: 853 daAuts
     D:4: 277 daAuts
